 Dungeon Crawl Stone Soup version 0.30.0-5-g1a98f26d00 (webtiles) character file.

Game seed: 2561451068256073131

2720 Cheops the Digger (level 9, -2/39 HPs)
             Began as a Spriggan Earth Elementalist on May 12, 2023.
             Was an Elder of Wu Jian.
             Succumbed to a kobold brigand's curare-tipped dart
             ... on level 7 of the Dungeon.
             The game lasted 00:31:14 (7010 turns).

Cheops the Digger (Spriggan Earth Elementalist)     Turns: 7010, Time: 00:31:15

Health: -2/39      AC:  4    Str:  4    XL:     9   Next: 39%
Magic:  13/17      EV: 18    Int: 20    God:    Wu Jian [****..]
Gold:   268        SH:  0    Dex: 16    Spells: 0/18 levels left

rFire   + . .        a - +0 dagger
rCold   + . .        (no shield)
rNeg    . . .        j - +2 robe {rC+ rF+}
rPois   .            (helmet restricted)
rElec   .            (no cloak)
rCorr   .            (gloves unavailable)
SInv    +            (boots unavailable)
Will    +....        v - amulet of magic regeneration
Stlth   ++           (no ring)
HPRegen 0.26/turn    (no ring)
MPRegen 0.55/turn

%: no passive effects
@: lethally poisoned (-2 -> -22), hasted and slowed, very quick
A: very small, no large weapons, unfitting armour, see invisible, speed 3
a: Renounce Religion, Wall Jump, Serpent's Lash


You were on level 7 of the Dungeon.
You worshipped Wu Jian.
Wu Jian was greatly pleased with you.
You visited 1 branch of the dungeon, and saw 7 of its levels.
You also visited: Ossuary.

You collected 268 gold pieces.

Inventory:

Hand Weapons
 a - a +0 dagger (weapon)
Armour
 d - a +0 buckler
 j - a +2 robe of resistance (worn)
Jewellery
 v - an amulet of magic regeneration (around neck)
Wands
 k - a wand of flame (3)
Scrolls
 b - 2 scrolls of torment
 c - a scroll of vulnerability
 e - a scroll of fog
 g - a scroll of silence
 i - 5 scrolls of teleportation
 n - 2 scrolls of enchant weapon
 r - a scroll of blinking
 t - a scroll of summoning
 u - a scroll of amnesia
 y - a scroll of poison {unknown}
 A - a scroll of identify
Potions
 f - 2 potions of cancellation {unknown}
 h - 4 potions of haste
 l - 2 potions of degeneration {unknown}
 m - 2 potions of ambrosia {unknown}
 o - a potion of invisibility {unknown}
 p - a potion of attraction {unknown}
 q - 3 potions of curing {unknown}
 s - a potion of resistance {unknown}
 w - 3 potions of heal wounds {unknown}
 x - 2 potions of lignification
 z - a potion of brilliance {unknown}


   Skills:
 - Level 2.0 Short Blades
 - Level 4.0 Dodging
 - Level 3.0 Stealth
 + Level 2.5 Shields
 - Level 5.0 Spellcasting
 - Level 5.0 Conjurations
 - Level 4.0 Transmutations
 - Level 2.0 Fire Magic
 - Level 3.0 Air Magic
 - Level 6.1 Earth Magic
 - Level 4.0 Poison Magic
 - Level 2.0 Evocations


You couldn't memorise any spells.
You knew the following spells:

 Your Spells              Type           Power      Damage    Failure   Level
a - Sandblast             Erth           58%        2d13      1%          1
b - Stone Arrow           Conj/Erth      54%        3d10      3%          3
m - Mephitic Cloud        Conj/Pois/Air  21%        N/A       7%          3
p - Petrify               Tmut/Erth      25%        N/A       14%         4
v - Poisonous Vapours     Pois/Air       38%        N/A       4%          2
I - Ignite Poison         Fire/Tmut/Pois 18%        N/A       9%          3
P - Passwall              Tmut/Erth      20%        N/A       2%          2

Your spell library contained the following spells:

 Spells                   Type           Power      Damage    Failure   Level
 Scorch                   Fire           26%        2d6       8%          2
 Hailstorm                Conj/Ice       15%        3d5       12%         3
 Vhi's Electric Charge    Tloc/Air       22%        N/A       19%         3
 Flame Wave               Conj/Fire      19%        2d7       26%         4
 Sticky Flame             Conj/Fire      19%        2d4       26%         4
 Ice Form                 Ice/Tmut       13%        N/A       45%         4
 Arcjolt                  Conj/Air       10%        1d20      52%         5
 Freezing Cloud           Conj/Ice/Air   7%         6-21      73%         5
 Simulacrum               Ice/Necr       2%         N/A       100%        6
 Summon Cactus Giant      Summ           2%         N/A       100%        6
 Ignition                 Fire           6%         3d4       100%        8
 Maxwell's Capacitive Co  Air            8%         ∞         100%        8


Dungeon Overview and Level Annotations

Branches:
Dungeon (7/15)             Temple (0/1) D:6         Ossuary (visited)

Altars:
Dithmenos
Elyvilon
Ru
Wu Jian
Yredelemnul

Shops:
D:5 :(

Annotations:
D:3 3 runed translucent doors, TheSexyCheese's ghost, amateur GrFE


Innate Abilities, Weirdness & Mutations

You are very small and have problems with some larger weapons.
You are too small for most types of armour.
You have supernaturally acute eyesight. (SInv)
You cover ground extremely quickly. (Speed+++)


Message History

The Council accepts your kill.
You feel very sick. The kobold misses you.
The kobold brigand throws a curare-tipped dart.
The curare-tipped dart closely misses you.
A two-headed ogre comes into view.
It is wielding a +0 giant spiked club and a +0 giant club.
You spin to attack the kobold, but your attack speed is too slow for a blow to land.
You feel sick.
The kobold brigand throws a curare-tipped dart.
The curare-tipped dart hits you.
You are more poisoned.
You have difficulty breathing.
* * * LOW HITPOINT WARNING * * *
You feel as though you will be slow longer.
* * * LOW HITPOINT WARNING * * *
You feel very sick.
* * * LOW HITPOINT WARNING * * *
You feel very sick.
* * * LOW HITPOINT WARNING * * *
You feel sick.
* * * LOW HITPOINT WARNING * * *
You feel sick.
Something hits the kobold brigand but does no damage.
The kobold brigand throws a curare-tipped dart.
The curare-tipped dart misses you.
It was a potion of haste.
You feel yourself speed up.
* * * LOW HITPOINT WARNING * * *
You feel sick.
Something completely misses the kobold.
The kobold brigand throws a curare-tipped dart.
The curare-tipped dart hits you.
You are lethally poisoned!
You have difficulty breathing.
* * * LOW HITPOINT WARNING * * *
You feel as though you will be slow longer.
The orc priest mumbles some strange prayers to Beogh against you.
You resist with some effort.
Blink to where?
Press: ? - help, Dir - move target
As you read the scroll of blinking, it crumbles to dust.
You die...

#...# ##. #..§# .
##.## #. #####.#####
##.##
#.........#####...#
#.###.##.....#.....###
#.# #.##..##.#.......#
#.# #.##...........#.#
#.# #@.....#.#.._#....
#.# ####..## #.#.###.#
#.######..##.#.......#
#.........##.###.#####
########.....###.## ##
##.........###.
#.#.........#. ###
#.........#.#. ##.##
#.#.####..#.#.


There were no monsters in sight!

Vanquished Creatures
  A troll (D:6)
  Eustachio (D:4)
  An orc warrior (D:6)
  A black bear (D:5)
  A hornet zombie (Ossuary)
  4 phantoms
  3 wyvern zombies (Ossuary)
  3 scorpions
  A water moccasin zombie (Ossuary)
  5 wights (D:7)
  2 bullfrog zombies (Ossuary)
  5 centaur zombies (Ossuary)
  2 hounds
  3 jellies
  2 iguanas
  7 orc wizards
  2 killer bee zombies (Ossuary)
  15 mummies (Ossuary)
  3 howler monkey zombies (Ossuary)
  4 gnolls
  3 adders (D:2)
  A white imp (D:6)
  An ufetubus (D:5)
  A worm (D:5)
  2 dart slugs
  10 orcs
  7 endoplasms
  2 giant cockroaches
  5 goblins
  9 hobgoblins
  8 jackals
  A quokka (D:4)
  8 ball pythons
  4 bats
  6 frilled lizards
  3 kobolds
  6 rats
143 creatures vanquished.

Notes
Turn   | Place    | Note
-------+----------+-------------------------------------------
     0 | D:1      | Cheops the Spriggan Earth Elementalist began the quest for
                  | the Orb.
     0 | D:1      | Reached XP level 1. HP: 9/9 MP: 5/5
    72 | D:1      | Found a faded altar of an unknown god.
    97 | D:1      | Reached skill level 3 in Earth Magic
   177 | D:1      | Reached XP level 2. HP: 13/13 MP: 3/6
   754 | D:1      | Prayed at the altar of an unknown god.
   754 | D:1      | Became a worshipper of the Wu Jian Council
   754 | D:1      | Reached * piety under Wu Jian
   909 | D:2      | Reached XP level 3. HP: 16/16 MP: 6/8
   913 | D:2      | Learned a level 3 spell: Stone Arrow
  1034 | D:2      | Reached skill level 4 in Earth Magic
  1123 | D:2      | Found a white marble altar of Elyvilon.
  1268 | D:2      | Reached XP level 4. HP: 17/21 MP: 3/9
  1490 | D:2      | Reached ** piety under Wu Jian
  2037 | D:2      | Learned a level 4 spell: Petrify
  2064 | D:3      | Found a runed translucent gate.
  2064 | D:3      | Found a runed translucent gate.
  2076 | D:3      | Found a runed translucent gate.
  2078 | D:3      | Noticed TheSexyCheese's ghost (amateur GrFE)
  2374 | D:3      | Reached skill level 5 in Earth Magic
  2379 | D:3      | Reached XP level 5. HP: 23/24 MP: 4/10
  2961 | D:4      | Found a white marble altar of Elyvilon.
  2996 | D:4      | Reached skill level 1 in Short Blades
  3227 | D:4      | Noticed Eustachio
  3238 | D:4      | Killed Eustachio
  3239 | D:4      | Reached XP level 6. HP: 16/28 MP: 1/11
  3395 | D:4      | Found a basalt altar of Yredelemnul.
  3555 | D:4      | Learned a level 3 spell: Mephitic Cloud
  3578 | D:5      | Entered Level 5 of the Dungeon
  3677 | D:5      | Found an ornate altar of the Wu Jian Council.
  3772 | D:5      | Found a sand-covered staircase.
  3777 | Ossuary  | Entered an ossuary
  3803 | Ossuary  | Reached skill level 1 in Poison Magic
  3807 | Ossuary  | Reached skill level 1 in Air Magic
  3907 | Ossuary  | Reached XP level 7. HP: 32/32 MP: 4/14
  3914 | Ossuary  | Reached *** piety under Wu Jian
  4001 | Ossuary  | Reached skill level 1 in Evocations
  4256 | Ossuary  | Reached XP level 8. HP: 30/36 MP: 10/15
  4574 | Ossuary  | Reached skill level 6 in Earth Magic
  5027 | D:5      | Found a shadowy altar of Dithmenos.
  5121 | D:5      | Reached skill level 5 in Spellcasting
  5211 | D:5      | Found Owuics's Book Shop.
  5692 | D:5      | Found Enooploi's Weapon Boutique.
  6103 | D:6      | Found a staircase to the Ecumenical Temple.
  6301 | D:6      | Reached **** piety under Wu Jian
  6361 | D:6      | Reached skill level 5 in Conjurations
  6361 | D:6      | Reached XP level 9. HP: 39/39 MP: 15/17
  6364 | D:6      | Learned a level 2 spell: Passwall
  6368 | D:6      | Learned a level 3 spell: Ignite Poison
  6371 | D:6      | Learned a level 2 spell: Poisonous Vapours
  6516 | D:6      | Reached skill level 1 in Fire Magic
  6556 | D:6      | Noticed a troll
  6571 | D:6      | Killed a troll
  6685 | D:7      | Found a sacrificial altar of Ru.
  6751 | D:7      | Reached skill level 1 in Shields
  7003 | D:7      | Noticed a two-headed ogre
  7010 | D:7      | Succumbed to a kobold brigand's curare-tipped dart

Illustrated notes

Levels and vault maps discovered:
D:1:      wander_arrival_estate, layout_loops_ring,
          dreamdust_ecumenical_altar_grove
D:2:      layout_loops_ring, serial_bayou, serial_bayou_lake_a,
          serial_bayou_pond_d, serial_bayou_pond_d, serial_bayou_pond_c,
          basic_altar, cheibrodos_gnoll_hut
D:3:      layout_rooms, gammafunk_ghost_split, serial_bayou_lagoon_b
D:4:      layout_loops_ring, lemuel_doored_altar, mainiacjoe_overflow_alcove_4,
          uniq_eustachio
D:5:      layout_basic, grunt_dithmenos_shadows,
          nicolae_wu_jian_immortal_techniques, serial_shops,
          nicolae_shop_tiny_statue_garden, nicolae_shop_pleasant_corner_grove,
          enter_ossuary_5, corexii_leaking_fountain
D:6:      layout_rooms, minmay_temple_entry_crystal_x
D:7:      layout_loops_corners, overflow_temple_1_default,
          evilmike_ruin_ashenzari, hangedman_decor_lopped

Skill      XL: |  1  2  3  4  5  6  7  8  9 |
---------------+----------------------------+-----
Earth Magic    | 3 4 5 6 |  6.1
Transmutations | 3 4 |  4.0
Short Blades   | 2 |  2.0
Conjurations   | 2 4 5 |  5.0
Spellcasting   | 3 4 5 |  5.0
Poison Magic   | 1 2 3 4 |  4.0
Air Magic      | 1 2 3 |  3.0
Evocations     | 2 |  2.0
Dodging        | 4 |  4.0
Fire Magic     | 2 |  2.0
Shields        | 2 |  2.5
Stealth        | |  3.0

Action                     |  1- 3 |  4- 6 |  7- 9 || total
---------------------------+-------+-------+-------++-------
  Melee: Dagger            |    11 |     1 |     3 ||    15
   Cast: Sandblast         |    52 |    91 |    86 ||   229
         Stone Arrow       |       |     3 |    74 ||    77
         Ignite Poison     |       |       |     2 ||     2
         Poisonous Vapours |       |       |     2 ||     2
         Mephitic Cloud    |       |       |     1 ||     1
Ability: Whirlwind         |       |       |     1 ||     1
  Evoke: Wand              |       |       |     4 ||     4
    Use: Scroll            |       |     8 |     4 ||    12
         Potion            |       |     1 |     3 ||     4
 Armour: Robe              |     3 |     6 |    12 ||    21
         Skin              |       |       |    24 ||    24
  Dodge: Dodged            |    16 |    36 |    73 ||   125
